 Dungeon Crawl Stone Soup version 0.32-a0-120-gfac0567ad4 (webtiles) character file.

Game seed: 5132553833659225609

2591 cforsyth the Fighter (level 9, -1/73 HPs)
             Began as a Djinni Warper on Feb 7, 2024.
             Slain by Maggie
             ... wielding a +1 broad axe of flaming
              (7 damage)
             ... on level 6 of the Dungeon.
             The game lasted 00:11:27 (6575 turns).

cforsyth the Fighter (Djinni Warper)                Turns: 6575, Time: 00:11:28

Health: -1/73      AC:  7    Str: 10    XL:     9   Next: 89%
Gold:   338        EV: 11    Int: 20    God:
                   SH:  0    Dex: 12

rFire   + + .        a - +0 falchion
rCold   . . .        (no shield)
rNeg    + . .        c - +1 leather armour {rC+}
rPois   ∞            (helmet restricted)
rElec   .            (no cloak)
rCorr   .            o - +0 pair of gloves
SInv    .            (boots unavailable)
Will    .....        (no amulet)
Stlth   +            N - ring of positive energy
HPRegen 0.32/turn    (no ring)
MPRegen 0.00/turn

%: infuse magic (-2 HP)
@: flying, mesmerised
A: sickness immunity, fire resistance 2, cold vulnerability 1, float, innate
caster, HP casting, extra vitality 1, antennae 1, iridescent scales 1, wild
magic 1
a: no special abilities


You were on level 6 of the Dungeon.
You visited 1 branch of the dungeon, and saw 6 of its levels.

You collected 338 gold pieces.


Innate Abilities, Weirdness & Mutations

You are immune to sickness and miasma.
You are immune to poison.
Your flesh is very heat resistant. (rF++)
You are vulnerable to cold. (rC-)
You float through the air rather than walking.
You learn spells naturally, not from books.
Your magical power is your life essence.
You have superior vitality. (+4 MHP)
You have a pair of small antennae on your head.
You are partially covered in iridescent scales. (AC +2)
Your spells are a little harder to cast, but a little more powerful.


   Skills:
 + Level 9.4 Fighting
 - Level 1.7 Long Blades
 - Level 0.7 Throwing
 - Level 1.0 Armour
 - Level 2.1 Dodging
 + Level 7.5 Spellcasting
 + Level 7.5 Conjurations
 + Level 7.5 Hexes
 + Level 7.5 Summonings
 + Level 7.5 Necromancy
 + Level 7.5 Translocations
 + Level 7.5 Fire Magic
 + Level 7.5 Ice Magic
 + Level 7.5 Air Magic
 + Level 7.5 Earth Magic
 + Level 7.5 Alchemy


You knew the following spells:

 Your Spells              Type           Power      Damage    Failure   Level
l - Lesser Beckoning      Tloc           96%        N/A       1%          2
m - Manifold Assault      Tloc           48%        N/A       9%          4
n - Dispel Undead         Necr           48%        3d18      9%          4
r - Searing Ray           Conj           96%        2d7       1%          2
s - Slow                  Hex            100%       N/A       1%          1
t - Teleport Other        Tloc           48%        N/A       3%          3
v - Vampiric Draining     Necr           48%        2d9       3%          3
B - Blink                 Tloc           96%        N/A       1%          2
X - Vhi's Electric Charg  Tloc/Air       96%        N/A       9%          4
Your spell library was empty.

Inventory:

Hand Weapons
 a - a +0 falchion (weapon)
Missiles
 d - 7 darts of dispersal {=f=f}
 q - 5 poisoned darts
Armour
 c - a +1 leather armour of cold resistance (worn)
 o - a +0 pair of gloves (worn)
 w - a +0 helmet
Magical Staves
 g - a staff of air {!a!a}
 m - a staff of cold {!a!a}
Jewellery
 N - a ring of positive energy (left hand)
Scrolls
 e - 5 scrolls of identify {unknown}
 j - a scroll of vulnerability {unknown}
 l - 3 scrolls of teleportation {unknown}
 n - 3 scrolls of revelation {unknown}
 p - a scroll of immolation {unknown}
 r - 2 scrolls of fog {unknown}
 t - 2 scrolls of noise {unknown}
 u - a scroll of acquirement {unknown}
 v - a scroll of enchant armour {unknown}
 y - a scroll of butterflies {unknown}
Potions
 b - a potion of curing {@q1@q1}
 f - 2 potions of haste {@q3@q3}
 h - a potion of enlightenment
 i - a potion of resistance {unknown}
 k - 2 potions of mutation
 s - a potion of degeneration

Dungeon Overview and Level Annotations

Branches:
Dungeon (6/15)             Temple (0/1) D:6

Altars:
Ashenzari
Elyvilon
Fedhas
Okawaru
Ru
Trog
Wu Jian
Yredelemnul
Zin
The Shining One

Shops:
D:2 !   D:5 *

Annotations:
D:6 Maggie

...........###.....#.#
...........# #.....#
▒..▒▒.▒....# #....##
▒.....▒....###....#
..▒▒.......#......#
▒....▒▒....#.###+###.###
..▒▒)......#............
>....▒.....#####.###.###
..▒▒.▒..........@....#
▒.......########@#######.
...▒.▒▒.#### #.#.......
▒..▒.......## #.......@.
.....▒▒..#..# #.........
.▒▒......##.# #.........
....▒▒...##.# #..(......
........###.## #.........
##...#### #..###.........


You could see Maggie (mesmerising).


Message History

Casting: Searing Ray (safe; 1% risk of failure)
Confirm with . or Enter, or press ? or * to list all spells.
You don't know that spell.
Casting: Searing Ray (safe; 1% risk of failure)
Confirm with . or Enter, or press ? or * to list all spells.
You don't know that spell.
Casting: Searing Ray (safe; 1% risk of failure)
Confirm with . or Enter, or press ? or * to list all spells.
Aiming: Searing Ray (safe; 1% risk of failure)
Press: ? - help, Shift-Dir - straight line, f/p - Maggie
Aim: Maggie, wielding a +1 broad axe of flaming and wearing +2 steam dragon scales (severely wounded, 83% to hit)
The searing ray hits Maggie but does no damage.
Maggie is severely wounded. (Press . to maintain the ray.)
* * * LOW HITPOINT WARNING * * *
Maggie gestures wildly while chanting.
Maggie attempts to bespell you!
You are mesmerised by Maggie!
The searing ray hits Maggie.
Maggie is almost dead.
* * * LOW HITPOINT WARNING * * *
Maggie hits you with a +1 broad axe of flaming!
* * * LOW HITPOINT WARNING * * *
Maggie burns you.
* * * LOW HITPOINT WARNING * * *
The searing ray hits Maggie!
Maggie is almost dead.
* * * LOW HITPOINT WARNING * * *
Maggie hits you with a +1 broad axe of flaming!
You die...

Skill      XL: |  1  2  3  4  5  6  7  8  9 |
---------------+----------------------------+-----
Spellcasting   | 3 4 5 6 7 |  7.5
Conjurations   | 3 4 5 6 7 |  7.5
Hexes          | 3 4 5 6 7 |  7.5
Summonings     | 3 4 5 6 7 |  7.5
Necromancy     | 3 4 5 6 7 |  7.5
Translocations | 3 4 5 6 7 |  7.5
Fire Magic     | 3 4 5 6 7 |  7.5
Ice Magic      | 3 4 5 6 7 |  7.5
Air Magic      | 3 4 5 6 7 |  7.5
Earth Magic    | 3 4 5 6 7 |  7.5
Alchemy        | 3 4 5 6 7 |  7.5
Fighting       | 3 4 5 6 8 9 |  9.4
Long Blades    | |  1.7
Throwing       | |  0.7
Armour         | |  1.0
Dodging        | |  2.1

Action                     |  1- 3 |  4- 6 |  7- 9 || total
---------------------------+-------+-------+-------++-------
  Melee: Falchion          |    82 |   106 |     2 ||   190
         Punch             |     3 |     3 |       ||     6
   Cast: Searing Ray       |       |    28 |    84 ||   112
         Teleport Other    |       |       |     3 ||     3
         Blink             |       |       |     1 ||     1
    Use: Scroll            |       |       |     1 ||     1
         Potion            |       |       |     8 ||     8
 Armour: Leather armour    |    58 |    85 |    86 ||   229
  Dodge: Dodged            |    53 |    80 |    51 ||   184

Levels and vault maps discovered:
D:1:      dpeg_arrival_water_temple_mockup, layout_loops_ring, serial_rivers,
          chequers_serial_rivers_large_b, chequers_serial_rivers_micro_b,
          chequers_serial_rivers_small_3, chequers_serial_rivers_small_b,
          chequers_serial_rivers_micro_a, serial_bayou_pond_c,
          grunt_decor_arrowhead
D:2:      layout_basic, serial_shops, nicolae_shop_rolling_square, serial_glass,
          glass_columns_b, glass_columns_a, glass_columns_a, glass_columns_a,
          glass_columns_a, glass_columns_b, due_unseen_surprise,
          minmay_goblin_outpost
D:3:      cheibrodos_fertilizer, layout_basic,
          mainiacjoe_overflow_six_doors_small,
          mainiacjoe_overflow_concentric_impassable
D:4:      layout_basic, trog_ov_bears_minmay, dreamdust_princess_bridge,
          uniq_duvessa
D:5:      layout_rooms, zin_purify, fedhas_altar_decomposition,
          chequers_temple_overflow_statue_of_worship, uniq_eustachio,
          uniq_menkaure, uniq_edmund
D:6:      layout_basic, regret_index_kikubaaqudgha_part_by_part,
          minmay_temple_entry_ruins, uniq_maggie, uniq_pikel

Notes
Turn   | Place    | Note
-------+----------+-------------------------------------------
     0 | D:1      | cforsyth the Djinni Warper began the quest for the Orb.
     0 | D:1      | cforsyth set off with the following spells memorised:
                  | Blink, Lesser Beckoning, Teleport Other, Manifold Assault,
                  | Vhi's Electric Charge.
     0 | D:1      | Reached XP level 1. HP: 18/18 MP: 0/0
    87 | D:1      | Reached skill level 3 in Spellcasting
    87 | D:1      | Reached skill level 3 in Conjurations
    87 | D:1      | Reached skill level 3 in Hexes
    87 | D:1      | Reached skill level 3 in Summonings
    87 | D:1      | Reached skill level 3 in Necromancy
    87 | D:1      | Reached skill level 3 in Translocations
    87 | D:1      | Reached skill level 3 in Fire Magic
    87 | D:1      | Reached skill level 3 in Ice Magic
    87 | D:1      | Reached skill level 3 in Air Magic
    87 | D:1      | Reached skill level 3 in Earth Magic
    87 | D:1      | Reached skill level 3 in Alchemy
   122 | D:1      | Reached XP level 2. HP: 16/23 MP: 0/0
   453 | D:1      | Reached XP level 3. HP: 29/29 MP: 0/0
   453 | D:1      | Learned a level 1 spell: Slow
   960 | D:2      | Reached skill level 3 in Fighting
  1271 | D:2      | Reached XP level 4. HP: 33/35 MP: 0/0
  1543 | D:2      | Identified the +7 mace "Wejemav" {freeze, Fly}
  1659 | D:2      | Found Uwist's Distillery.
  2109 | D:3      | Reached XP level 5. HP: 40/40 MP: 0/0
  2109 | D:3      | Learned a level 2 spell: Searing Ray
  2268 | D:3      | Found a white marble altar of Elyvilon.
  2646 | D:3      | Reached skill level 4 in Fighting
  2646 | D:3      | Reached skill level 4 in Spellcasting
  2646 | D:3      | Reached skill level 4 in Conjurations
  2646 | D:3      | Reached skill level 4 in Hexes
  2646 | D:3      | Reached skill level 4 in Summonings
  2646 | D:3      | Reached skill level 4 in Necromancy
  2646 | D:3      | Reached skill level 4 in Translocations
  2646 | D:3      | Reached skill level 4 in Fire Magic
  2646 | D:3      | Reached skill level 4 in Ice Magic
  2646 | D:3      | Reached skill level 4 in Air Magic
  2646 | D:3      | Reached skill level 4 in Earth Magic
  2646 | D:3      | Reached skill level 4 in Alchemy
  2740 | D:3      | Found a glowing silver altar of Zin.
  2740 | D:3      | Found a basalt altar of Yredelemnul.
  2740 | D:3      | Found a bloodstained altar of Trog.
  2740 | D:3      | Found a broken altar of Ashenzari.
  2740 | D:3      | Found a glowing golden altar of the Shining One.
  2751 | D:3      | Reached XP level 6. HP: 45/48 MP: 0/0
  2901 | D:3      | Found a sacrificial altar of Ru.
  3158 | D:3      | Noticed a black bear
  3165 | D:3      | Killed a black bear
  3166 | D:3      | Reached skill level 5 in Fighting
  3273 | D:3      | Reached XP level 7. HP: 39/54 MP: 0/0
  3273 | D:3      | Learned a level 3 spell: Vampiric Draining
  3689 | D:4      | Found a bloodstained altar of Trog.
  3698 | D:4      | Reached skill level 6 in Fighting
  3698 | D:4      | Reached skill level 5 in Spellcasting
  3698 | D:4      | Reached skill level 5 in Conjurations
  3698 | D:4      | Reached skill level 5 in Hexes
  3698 | D:4      | Reached skill level 5 in Summonings
  3698 | D:4      | Reached skill level 5 in Necromancy
  3698 | D:4      | Reached skill level 5 in Translocations
  3698 | D:4      | Reached skill level 5 in Fire Magic
  3698 | D:4      | Reached skill level 5 in Ice Magic
  3698 | D:4      | Reached skill level 5 in Air Magic
  3698 | D:4      | Reached skill level 5 in Earth Magic
  3698 | D:4      | Reached skill level 5 in Alchemy
  3849 | D:4      | Noticed Duvessa
  3858 | D:4      | Noticed Dowan
  3868 | D:4      | Killed Duvessa
  3869 | D:4      | Reached XP level 8. HP: 22/62 MP: 0/0
  4069 | D:4      | Killed Dowan
  4774 | D:5      | Entered Level 5 of the Dungeon
  4775 | D:5      | Found Zin's Purification Station.
  4775 | D:5      | Found a glowing silver altar of Zin.
  4878 | D:5      | Reached skill level 7 in Fighting
  4931 | D:5      | Noticed Menkaure
  5112 | D:5      | Killed Menkaure
  5113 | D:5      | Reached skill level 6 in Spellcasting
  5113 | D:5      | Reached skill level 6 in Conjurations
  5113 | D:5      | Reached skill level 6 in Hexes
  5113 | D:5      | Reached skill level 6 in Summonings
  5113 | D:5      | Reached skill level 6 in Necromancy
  5113 | D:5      | Reached skill level 6 in Translocations
  5113 | D:5      | Reached skill level 6 in Fire Magic
  5113 | D:5      | Reached skill level 6 in Ice Magic
  5113 | D:5      | Reached skill level 6 in Air Magic
  5113 | D:5      | Reached skill level 6 in Earth Magic
  5113 | D:5      | Reached skill level 6 in Alchemy
  5414 | D:5      | Noticed Eustachio
  5433 | D:5      | Killed Eustachio
  5434 | D:5      | Reached skill level 8 in Fighting
  5434 | D:5      | Reached XP level 9. HP: 18/70 MP: 0/0
  5434 | D:5      | Learned a level 4 spell: Dispel Undead
  5441 | D:5      | Gained mutation: You have a beak for a mouth. [potion of
                  | mutation]
  5641 | D:5      | Lost mutation: You have a beak for a mouth. [potion of
                  | mutation]
  5641 | D:5      | Gained mutation: You are partially covered in iridescent
                  | scales. (AC +2) [potion of mutation]
  5641 | D:5      | Gained mutation: You have a pair of small antennae on your
                  | head. [potion of mutation]
  5641 | D:5      | Gained mutation: Your spells are a little harder to cast,
                  | but a little more powerful. [potion of mutation]
  5654 | D:5      | Noticed Edmund
  5665 | D:5      | Killed Edmund
  5839 | D:5      | Reached skill level 7 in Spellcasting
  5839 | D:5      | Reached skill level 7 in Conjurations
  5839 | D:5      | Reached skill level 7 in Hexes
  5839 | D:5      | Reached skill level 7 in Summonings
  5839 | D:5      | Reached skill level 7 in Necromancy
  5839 | D:5      | Reached skill level 7 in Translocations
  5839 | D:5      | Reached skill level 7 in Fire Magic
  5839 | D:5      | Reached skill level 7 in Ice Magic
  5839 | D:5      | Reached skill level 7 in Air Magic
  5839 | D:5      | Reached skill level 7 in Earth Magic
  5839 | D:5      | Reached skill level 7 in Alchemy
  6007 | D:5      | Reached skill level 9 in Fighting
  6093 | D:5      | Found an iron altar of Okawaru.
  6094 | D:5      | Found an ornate altar of the Wu Jian Council.
  6113 | D:5      | Found a blossoming altar of Fedhas.
  6373 | D:6      | Found a staircase to the Ecumenical Temple.
  6551 | D:6      | Noticed Maggie
  6571 | D:6      | HP: 4/73 [Maggie/+1 broad axe of flaming (13)]
  6575 | D:6      | Slain by Maggie

Vanquished Creatures
  3 yaks (D:5)
  Eustachio (D:5)
  Menkaure (D:5)
  Edmund (D:5)
  Duvessa (D:4)
  3 black bears
  An ogre (D:5)
  2 phantoms (D:4)
  4 necrophages (D:5)
  4 scorpions
  Dowan (D:4)
  A centaur zombie (D:5)
  3 jellies (D:3)
  A hound (D:3)
  2 orc priests (D:5)
  3 iguanas
  2 sleepcaps (D:5)
  4 orc wizards (D:5)
  A hound zombie (D:5)
  10 adders
  A ribbon worm (D:2)
  2 dart slugs
  19 orcs
  8 ball pythons
  18 endoplasms
  5 giant cockroaches
  11 goblins
  11 hobgoblins
  6 bats
  3 frilled lizards
  20 kobolds
  4 rats
157 creatures vanquished.

Table legend: (Time is in decaauts)
 A = Elapsed time spent in this place.
 B = Non-inter-level travel time spent in this place.
 C = Inter-level travel time spent in this place.
 D = Time resting spent in this place.
 E = Time spent auto-exploring this place.
 F = Levels seen in this place.
 G = Mean time per level.
                   A        B        C        D        E       F      G
               +--------+--------+--------+--------+--------+-----+--------+
         Total |   6602 |   6468 |    134 |    825 |   4478 |   6 | 1100.3 |
       Dungeon |   6602 |   6468 |    134 |    825 |   4478 |   6 | 1100.3 |
               +--------+--------+--------+--------+--------+-----+--------+

Top non-repeatable levels by time:
     D:3: 1647 daAuts
     D:5: 1503 daAuts
     D:4: 1115 daAuts
     D:2: 1037 daAuts
     D:1: 1016 daAuts
     D:6: 281 daAuts

Table legend:
 A = Non-vault XP
 B = Vault XP
 C = Vault XP percentage of total XP
 D = Non-vault monster count
 E = Vault monster count
 F = Vault count percentage of total count
                 A         B        C        D         E       F
            +---------+---------+-------+---------+---------+-------
      Total |    2128 |    1574 |  42.5 |     123 |      34 |  21.7
            +---------+---------+-------+---------+---------+-------
        D:1 |      32 |       0 |   0.0 |      19 |       0 |   0.0
        D:2 |      96 |       7 |   6.8 |      29 |       4 |  12.1
        D:3 |     249 |     153 |  38.1 |      24 |      17 |  41.5
        D:4 |     290 |     480 |  62.3 |      19 |       4 |  17.4
        D:5 |    1259 |     934 |  42.6 |      29 |       9 |  23.7
        D:6 |     202 |       0 |   0.0 |       3 |       0 |   0.0
            +---------+---------+-------+---------+---------+-------
